 Dungeon Crawl Stone Soup version 0.28.0-47-ge53b351184 (webtiles) character file.

Game seed: 12434108980938823620

1414 Peloso the Slasher (level 8, -3/71 HPs)
             Began as a Minotaur Fighter on May 7, 2022.
             Slain by an orc warrior
             ... wielding a +0 dire flail
              (14 damage)
             ... on level 6 of the Dungeon.
             The game lasted 00:10:04 (7258 turns).

Peloso the Slasher (Minotaur Fighter)               Turns: 7258, Time: 00:10:05

Health: -3/71      AC: 12    Str: 22    XL:     8   Next: 43%
Magic:  7/7        EV:  8    Int:  5    God:
Gold:   342        SH:  5    Dex: 11    Spells: 7/7 levels left

rFire   + . .      SeeInvis +   b - +5 mace of a bailey {freeze, rF+ rN+ SInv}
rCold   . . .      Faith    .   c - +0 buckler
rNeg    + . .      Spirit   .   v - +0 chain mail
rPois   .          Reflect  .   (helmet restricted)
rElec   .          Harm     .   y - +1 cloak
rCorr   .          Rampage  .   (no gloves)
Will    .....                   (no boots)
Stlth   ..........              (no amulet)
HPRegen 0.21/turn               (no ring)
MPRegen 0.10/turn               (no ring)

@: no status effects
A: horns 2, retaliatory headbutt
a: no special abilities


You were on level 6 of the Dungeon.
You visited 1 branch of the dungeon, and saw 7 of its levels.

You collected 342 gold pieces.

Inventory:

Hand Weapons
 a - a +1 long sword of protection
 b - the +5 mace of a bailey (weapon) {freeze, rF+ rN+ SInv}
   (You found it on level 6 of the Dungeon)

   It freezes those it strikes, dealing additional cold damage.
   It can also slow down cold-blooded creatures.
   rF:        It protects you from fire.
   rN:        It protects you from negative energy.
   SInv:      It lets you see invisible.
Missiles
 s - a throwing net (quivered)
Armour
 c - a +0 buckler (worn)
 r - a +0 cloak
 v - a +0 chain mail (worn)
 y - a +1 cloak (worn)
Jewellery
 k - a ring of positive energy
 n - an amulet of the acrobat
 z - an amulet of reflection
 B - a ring of magical power
Wands
 C - a wand of mindburst (13)
Scrolls
 h - a scroll of immolation
 i - 2 scrolls of blinking
 j - a scroll of enchant armour
 m - a scroll of acquirement {unknown}
 o - a scroll of teleportation {unknown}
 p - a scroll of amnesia {unknown}
 q - a scroll of brand weapon {unknown}
 t - 3 scrolls of identify
 u - 2 scrolls of fear {unknown}
 A - 3 scrolls of fog {unknown}
Potions
 d - a potion of might
 e - a potion of mutation
 f - a potion of resistance
 g - a potion of haste {unknown}
 l - 5 potions of curing
 w - a potion of invisibility {unknown}
 x - a potion of flight {unknown}


   Skills:
 + Level 6.3 Fighting
 + Level 7.7 Long Blades
 + Level 1.6 Maces & Flails
 + Level 7.3 Armour
 + Level 1.8 Dodging
 + Level 0.5 Stealth
 + Level 6.0 Shields


You had 7 spell levels left.
You didn't know any spells.
Your spell library contained the following spells:

 Spells                   Type           Power      Damage    Failure   Level
 Pain                     Necr           0%         1d4       99%         1
 Sublimation of Blood     Necr           0%         N/A       100%        2
 Petrify                  Tmut/Erth      0%         N/A       100%        4
 Agony                    Necr           0%         N/A       100%        5
 Excruciating Wounds      Necr           0%         N/A       100%        5
 Irradiate                Conj/Tmut      0%         3d13      100%        5


Dungeon Overview and Level Annotations

Branches:
Dungeon (7/15)             Temple (0/1) D:6

Altars:
Fedhas
Hepliaklqana
Qazlal
Ru
Uskayaw

Shops:
D:2 :   D:3 (

Annotations:
D:7 Pikel


Innate Abilities, Weirdness & Mutations

You have a pair of horns on your head.
You reflexively headbutt those who attack you in melee.


Message History

The orc warrior is lightly wounded.
The orc warrior hits you but does no damage.
The orc warrior hits you with a +0 dire flail!
You hit the orc warrior. You freeze the orc warrior.
Your headbutt misses the orc warrior.
The orc warrior is moderately wounded.
You block the orc warrior's attack.
You barely miss the orc warrior.
You headbutt the orc warrior, but do no damage.
The orc warrior is moderately wounded.
The orc warrior hits you but does no damage.
You barely miss the orc warrior.
The orc warrior is moderately wounded.
The orc warrior hits you with a +0 dire flail!
The orc warrior hits you with a +0 dire flail.
You closely miss the orc warrior.
The orc warrior is moderately wounded.
The orc warrior hits you with a +0 dire flail!
You hit the orc warrior. You freeze the orc warrior.
Your headbutt misses the orc warrior.
The orc warrior is moderately wounded.
The orc warrior hits you with a +0 dire flail!
You hit the orc warrior. You freeze the orc warrior.
The orc warrior is heavily wounded.
The orc warrior closely misses you. You furiously retaliate!
You headbutt the orc warrior. The orc warrior closely misses you.
You furiously retaliate!
You headbutt the orc warrior, but do no damage.
You closely miss the orc warrior. You headbutt the orc warrior!
The orc warrior is severely wounded.
You block the orc warrior's attack.
You hit the orc warrior but do no damage.
The orc warrior is severely wounded.
The orc warrior hits you with a +0 dire flail!
* * * LOW HITPOINT WARNING * * *
You hit the orc warrior. You freeze the orc warrior.
You headbutt the orc warrior.
The orc warrior is almost dead.
The orc warrior hits you with a +0 dire flail!
You die...

#............# #.
#............# #.
#............# #.
#............#####.
#..................
#..................
#..................
#..o...............
#.@................
#..................
#.....#############
#.....# ## #######
#. #. #. #.
#############.


You could see an orc warrior.

Vanquished Creatures
  A wraith (D:7)
  A bullfrog (D:6)
  2 scorpions
  A gnoll sergeant (D:3)
  A wyvern skeleton (D:7)
  2 bullfrog zombies
  3 hounds
  A jelly (D:4)
  Crazy Yiuf (D:6)
  5 orc priests
  A centaur skeleton (D:6)
  An iguana (D:4)
  7 orc wizards
  A hound zombie (D:5)
  2 hound skeletons
  A howler monkey zombie (D:5)
  A howler monkey skeleton (D:4)
  9 gnolls
  7 adders
  A white imp (D:7)
  An ufetubus (D:6)
  A worm (D:3)
  3 dart slugs
  28 orcs
  4 ball pythons
  8 endoplasms
  3 giant cockroaches
  5 goblins
  11 hobgoblins
  6 jackals
  3 quokkas
  5 bats
  5 frilled lizards
  3 kobolds
  5 rats
140 creatures vanquished.

Vanquished Creatures (others)
  2 orc wizards (D:4)
2 creatures vanquished.

Grand Total: 142 creatures vanquished

Notes
Turn   | Place    | Note
-------+----------+-------------------------------------------
     0 | D:1      | Peloso the Minotaur Fighter began the quest for the Orb.
     0 | D:1      | Reached XP level 1. HP: 19/19 MP: 0/0
   287 | D:1      | Found a faded altar of an unknown god.
   350 | D:1      | Reached XP level 2. HP: 27/27 MP: 1/1
   615 | D:2      | Reached XP level 3. HP: 23/33 MP: 2/2
   926 | D:2      | Found Demais's Book Shoppe.
  1222 | D:2      | Reached XP level 4. HP: 40/40 MP: 3/3
  1551 | D:3      | Found Koruan's Antique Weapon Emporium.
  1565 | D:3      | Found a hazy altar of Hepliaklqana.
  1812 | D:3      | Noticed a gnoll sergeant
  1838 | D:3      | Reached XP level 5. HP: 26/47 MP: 4/4
  2356 | D:3      | Reached skill level 5 in Long Blades
  2922 | D:4      | Reached skill level 5 in Armour
  2922 | D:4      | Reached XP level 6. HP: 27/55 MP: 5/5
  3349 | D:4      | HP: 1/55 [orc priest/divine providence (12)]
  3893 | D:4      | Found a blossoming altar of Fedhas.
  3894 | D:4      | Found a hide-covered altar of Uskayaw.
  3913 | D:4      | Reached skill level 5 in Fighting
  3918 | D:4      | Reached XP level 7. HP: 43/61 MP: 6/6
  4332 | D:4      | Reached skill level 5 in Shields
  4586 | D:4      | Found a stormy altar of Qazlal.
  4625 | D:5      | Entered Level 5 of the Dungeon
  4681 | D:5      | Reached skill level 1 in Dodging
  5910 | D:6      | Reached XP level 8. HP: 63/70 MP: 7/7
  5997 | D:6      | Identified the +6 mace of False Hope {venom, rCorr Str+7
                  | Int-5 SInv}
  5998 | D:6      | Found a runed translucent door.
  6001 | D:6      | Noticed Crazy Yiuf
  6006 | D:6      | Killed Crazy Yiuf
  6024 | D:6      | Identified the +5 mace of a bailey {freeze, rF+ rN+ SInv}
  6184 | D:6      | Found a sacrificial altar of Ru.
  6352 | D:6      | Found a staircase to the Ecumenical Temple.
  6844 | D:7      | Reached skill level 1 in Maces & Flails
  7221 | D:7      | Noticed Pikel
  7258 | D:6      | Slain by an orc warrior

Illustrated notes

Levels and vault maps discovered:
D:1:      heliophobic_arrival_enchanted_forest, layout_rooms,
          shapermc_ecumenical_altar_starsandcircs
D:2:      layout_loops_ring, serial_shops, shop_statue, minmay_split_cup_large
D:3:      layout_basic, worldfamousw_hep_ancestral_shrine, serial_shops,
          shop_statue, hangedman_decor_points
D:4:      layout_basic, nicolae_qazlal_eye_of_the_storm,
          grunt_temple_overflow_open
D:5:      layout_basic, serial_park_tiny_1, kennysheep_generic_room_5
D:6:      layout_gridville, nicolae_ru_sacrificial_ziggurat,
          minmay_temple_entry_from_below_a, uniq_crazy_yiuf_cottage
D:7:      layout_loops_cross, uniq_pikel

Skill      XL: |  1  2  3  4  5  6  7  8 |
---------------+-------------------------+-----
Armour         | 4 5 6 7 |  7.3
Shields        | 4 5 6 |  6.0
Fighting       | 4 5 6 |  6.3
Long Blades    | 3 4 5 7 |  7.7
Dodging        | 1 |  1.8
Maces & Flails | 1 |  1.6
Stealth        | |  0.5

Action                   |  1- 3 |  4- 6 |  7- 9 || total
-------------------------+-------+-------+-------++-------
Melee: Long sword        |    69 |   138 |   138 ||   345
       Headbutt          |     5 |    19 |    31 ||    55
       Mace              |       |       |    46 ||    46
  Use: Scroll            |       |     5 |       ||     5
       Potion            |       |     3 |       ||     3
Armor: Scale mail        |    29 |    72 |    11 ||   112
       Chain mail        |       |       |   104 ||   104
Dodge: Dodged            |    34 |    58 |    71 ||   163
Block: Buckler           |    14 |    33 |    44 ||    91
